 Dungeon Crawl Stone Soup version 0.30.1-3-gfc49f6343a (webtiles) character file.

Game seed: 7722272365796900912

19559 cheesebisquit the Grappler (level 12, 0/122 HPs)
             Began as a Troll Fighter on July 21, 2023.
             Was an Elder of Wu Jian.
             Killed from afar by a frost giant (25 damage)
             ... with a bolt of cold
             ... in an ice cave on July 22, 2023.
             The game lasted 00:35:31 (9524 turns).

cheesebisquit the Grappler (Troll Fighter)          Turns: 9524, Time: 00:35:32

Health: 0/122      AC:  9    Str: 27    XL:     12   Next: 37%
Magic:  11/11      EV: 10    Int: 14    God:    Wu Jian [****..]
Gold:   565        SH: 18    Dex:  9    Spells: 11/11 levels left

rFire   . .          .
                       - Unarmed
rCold   . . .        c - +3 kite shield
rNeg    . . .        H - +0 troll leather armour
rPois   .            I - +2 hat
rElec   .            w - +0 cloak
rCorr   .            (gloves unavailable)
SInv    .            (boots unavailable)
Will    .....        j - amulet of reflection
Stlth   +            l - +6 ring of intelligence
HPRegen 2.00/turn    p - ring of wizardry
MPRegen 0.12/turn

%: reflection, wizardry (x1)
@: invisible
A: large, unfitting armour, claws 3, regeneration 1, shaggy fur 1, tough skin 1
a: Renounce Religion, Wall Jump, Serpent's Lash


You were in an ice cave.
You worshipped Wu Jian.
Wu Jian was greatly pleased with you.
You visited 2 branches of the dungeon, and saw 12 of its levels.
You also visited: Ice Cave.

You collected 691 gold pieces.
You spent 126 gold pieces at shops.

Inventory:

Hand Weapons
 b - a +1 dagger of venom
 A - a +0 morningstar
Missiles
 f - 11 poisoned darts (quivered)
 v - 16 boomerangs
 K - 2 throwing nets
 L - a curare-tipped dart
Armour
 c - a +3 kite shield (worn)
 w - a +0 cloak (worn)
 H - a +0 troll leather armour (worn)
 I - a +2 hat (worn)
Jewellery
 d - a ring of positive energy
 j - an amulet of reflection (around neck)
 l - a +6 ring of intelligence (left claw)
 o - a ring of fire
 p - a ring of wizardry (right claw)
 y - an amulet of regeneration
 F - an amulet of guardian spirit
Wands
 t - a wand of roots (1)
 x - a wand of mindburst (19)
 z - a wand of digging (6)
 C - a wand of quicksilver (5)
Scrolls
 i - 2 scrolls of immolation
 m - 4 scrolls of magic mapping
 q - a scroll of poison
 u - a scroll of vulnerability {unknown}
 B - 2 scrolls of fog
 D - 3 scrolls of teleportation
 G - a scroll of noise {unknown}
Potions
 a - 2 potions of cancellation
 g - 2 potions of brilliance
 h - 4 potions of attraction
 k - a potion of mutation
 n - 2 potions of curing
 s - 2 potions of lignification
 E - 3 potions of magic


   Skills:
 + Level 8.7 Fighting
 + Level 6.0 Dodging
 + Level 9.5 Shields
 * Level 14.0 Unarmed Combat


You had 11 spell levels left.
You didn't know any spells.
Your spell library contained the following spells:

 Spells                   Type           Power      Damage    Failure   Level
 Magic Dart               Conj           0%         1d3       22%         1
 Shock                    Conj/Air       0%         1d3       22%         1
 Blink                    Tloc           0%         N/A       32%         2
 Call Imp                 Summ           0%         N/A       32%         2
 Lesser Beckoning         Tloc           0%         N/A       32%         2
 Momentum Strike          Conj/Tloc      0%         3d8       32%         2
 Scorch                   Fire           0%         2d5       32%         2
 Searing Ray              Conj           0%         2d4       32%         2
 Frozen Ramparts          Ice            0%         1d1       52%         3
 Mephitic Cloud           Conj/Pois/Air  0%         N/A       52%         3
 Ozocubu's Armour         Ice            0%         N/A       52%         3
 Portal Projectile        Hex/Tloc       0%         N/A       52%         3
 Swiftness                Air            0%         N/A       52%         3
 Tukima's Dance           Hex            0%         N/A       52%         3
 Airstrike                Air            0%         2d(0-16)  89%         4
 Flame Wave               Conj/Fire      0%         2d4       89%         4
 Fulminant Prism          Conj/Hex       0%         3d5       89%         4
 Ice Form                 Ice/Tmut       0%         N/A       89%         4
 Summon Ice Beast         Ice/Summ       0%         N/A       89%         4
 Blade Hands              Tmut           0%         N/A       99%         5
 Metabolic Englaciation   Hex/Ice        0%         N/A       99%         5
 Simulacrum               Ice/Necr       0%         N/A       100%        6
 Summon Cactus Giant      Summ           0%         N/A       100%        6
 Ozocubu's Refrigeration  Ice            0%         4d7       100%        7
 Polar Vortex             Ice            0%         N/A       100%        9


Dungeon Overview and Level Annotations

Branches:
Dungeon (11/15)            Temple (1/1) D:5            Lair (0/5) D:8
    Orc (0/2) D:11          IceCv (1/1)

Altars:
Ashenzari
Cheibriados
Dithmenos
Elyvilon
Fedhas
Gozag
Hepliaklqana
Kikubaaqudgha
Makhleb
Nemelex Xobeh
Okawaru
Qazlal
Ru
Sif Muna
Trog
Uskayaw
Vehumet
Wu Jian
Xom
Yredelemnul
Zin
The Shining One

Shops:
D:1 ?

Annotations:
D:9 1 runed translucent door


Innate Abilities, Weirdness & Mutations

You are too large for most types of armour.
You have claws for hands.
Your natural rate of healing is unusually fast.
You are covered in fur. (AC +1)
You have tough skin. (AC +1)


Message History

The death yak is poisoned.
The death yak is lightly wounded.
You mangle the frost giant!!
The frost giant is moderately wounded.
You block the frost giant's attack.
You barely miss the frost giant.
The frost giant is moderately wounded.
The frost giant hits you with a +2 battleaxe of freezing!
The frost giant freezes you.
You scratch the frost giant but do no damage.
The frost giant is moderately wounded.
The frost giant hits you with a +2 battleaxe of freezing!!
The frost giant freezes you.
You scratch the frost giant.
The frost giant is moderately wounded.
The death yak looks more healthy.
The frost giant hits you with a +2 battleaxe of freezing!
The frost giant freezes you.
You claw the frost giant!
The frost giant is moderately wounded.
You mangle the frost giant!!
The frost giant is severely wounded.
You block the frost giant's attack.
You scratch the frost giant.
The frost giant is severely wounded.
The frost giant gestures at you while chanting.
The bolt of cold hits you!!!
* * * LOW HITPOINT WARNING * * *
As you read the scroll of summoning, it crumbles to dust.
Wisps of shadow whirl around you... The frost giant casts a spell at you.
The bolt of cold misses you. The bolt of cold hits your yak!!
You swap places.
The frost giant barely misses your yak.
You swap places.
The frost giant points at you and mumbles some strange words.
The bolt of cold hits your yak!!! The bolt of cold hits your yak!!
Your yak dies!
Your yak's corpse dissolves into shadows!
The bolt of cold hits you!!
You die...

####.#...##
##......###
##....#### ##..####
#..### #....###
###....###
###...Y### ####
###YY@.#### ###...
####YYCY#######....#
####hY..#.....###
##(((.(.####
########


You could see a frost giant (ally target), a death yak (unable to see you), a
polar bear (unable to see you), a yak (unable to see you) and 5 friendly yaks.

Vanquished Creatures
  2 two-headed ogres
  5 death yaks (IceCv)
  A tengu warrior (D:8)
  2 ugly things
  An ice statue (IceCv)
  A gargoyle (D:11)
  6 rime drakes (IceCv)
  3 polar bears (IceCv)
  Grinder (D:5)
  5 trolls
  2 hornets
  Sigmund (D:4)
  A wyvern (D:10)
  A spriggan (D:10)
  A wraith (D:9)
  4 steam dragons
  19 yaks
  Eustachio (D:4)
  4 vampire mosquitoes
  Edmund (D:4)
  2 water moccasins
  7 orc warriors
  4 black bears
  5 ogres
  7 centaurs
  4 wolves (IceCv)
  A phantom (D:5)
  6 kobold brigands
  2 bullfrogs
  5 scorpions
  9 killer bees
  A howler monkey (D:9)
  A jelly (D:6)
  3 gnoll boudas (D:10)
  6 orc priests
  4 hounds
  Jessica (D:1)
  Terence (D:1)
  2 iguanas
  A sleepcap (D:5)
  13 orc wizards
  Robin (D:2)
  4 adders
  8 gnolls (D:10)
  A shadow imp (D:5)
  2 white imps
  A worm (D:3)
  2 adder skeletons (D:2)
  4 dart slugs
  45 orcs
  10 ball pythons
  A bat skeleton (D:2)
  A bat zombie (D:2)
  6 endoplasms
  3 giant cockroaches
  15 goblins
  9 hobgoblins
  22 kobolds
  3 quokkas (D:1)
  A ball python zombie (D:2)
  2 bats
  A frilled lizard (D:3)
  A goblin skeleton (D:9)
  A jackal skeleton (D:2)
  2 rats (D:2)
293 creatures vanquished.

Vanquished Creatures (others)
  A human (D:6)
  A bullfrog (D:8)
  2 orcs (D:8)
4 creatures vanquished.

Grand Total: 297 creatures vanquished

Notes
Turn   | Place    | Note
-------+----------+-------------------------------------------
     0 | D:1      | cheesebisquit the Troll Fighter began the quest for the
                  | Orb.
     0 | D:1      | Reached XP level 1. HP: 22/22 MP: 0/0
   129 | D:1      | Reached XP level 2. HP: 29/29 MP: 1/1
   625 | D:1      | Found Cofet's Magic Scroll Shoppe.
   628 | D:1      | Bought a scroll of identify for 22 gold pieces
   628 | D:1      | Bought a scroll of identify for 22 gold pieces
   728 | D:1      | Reached XP level 3. HP: 36/36 MP: 2/2
   874 | D:2      | Reached skill level 3 in Unarmed Combat
   878 | D:2      | You fall into a shaft and drop 1 floor!
  1171 | D:2      | Noticed Terence
  1172 | D:2      | Noticed Jessica
  1185 | D:1      | Killed Jessica
  1186 | D:1      | Reached XP level 4. HP: 45/45 MP: 3/3
  1198 | D:1      | Killed Terence
  1296 | D:2      | Noticed Robin
  1356 | D:2      | Killed Robin
  1357 | D:2      | Reached skill level 4 in Unarmed Combat
  1357 | D:2      | Reached XP level 5. HP: 51/53 MP: 4/4
  1785 | D:1      | Bought a scroll of enchant armour for 82 gold pieces
  2371 | D:4      | Noticed Eustachio
  2389 | D:4      | Killed Eustachio
  2390 | D:4      | Reached skill level 5 in Unarmed Combat
  2390 | D:4      | Reached XP level 6. HP: 22/61 MP: 5/5
  2491 | D:4      | Found a burning altar of Makhleb.
  2599 | D:4      | Reached XP level 7. HP: 58/68 MP: 6/6
  2668 | D:4      | Reached skill level 6 in Unarmed Combat
  2816 | D:4      | Noticed Sigmund
  2834 | D:4      | Killed Sigmund
  3013 | D:4      | Noticed Edmund
  3023 | D:4      | Killed Edmund
  3024 | D:4      | Reached skill level 5 in Shields
  3024 | D:4      | Reached skill level 7 in Unarmed Combat
  3024 | D:4      | Reached XP level 8. HP: 79/79 MP: 7/7
  3185 | D:5      | Entered Level 5 of the Dungeon
  3457 | D:5      | Found a staircase to the Ecumenical Temple.
  3474 | Temple   | Entered the Ecumenical Temple
  3522 | Temple   | Became a worshipper of the Wu Jian Council
  3790 | D:5      | Noticed Grinder
  3802 | D:5      | Paralysed by Grinder for 5 turns
  3809 | D:5      | Killed Grinder
  3810 | D:5      | Reached skill level 5 in Fighting
  3810 | D:5      | Reached skill level 8 in Unarmed Combat
  4198 | D:6      | Found an ancient bone altar of Kikubaaqudgha.
  4310 | D:6      | Reached XP level 9. HP: 88/88 MP: 8/8
  4396 | D:6      | Reached * piety under Wu Jian
  4437 | D:6      | Found a sacrificial altar of Ru.
  4461 | D:6      | Found a hazy altar of Hepliaklqana.
  4962 | D:7      | Noticed a troll
  4977 | D:7      | Killed a troll
  4978 | D:7      | Reached skill level 9 in Unarmed Combat
  5009 | D:7      | Found a shadowy altar of Dithmenos.
  5597 | D:8      | Noticed a tengu warrior
  5637 | D:8      | Reached ** piety under Wu Jian
  5679 | D:8      | Reached skill level 10 in Unarmed Combat
  5691 | D:8      | Noticed a two-headed ogre
  5700 | D:8      | Killed a two-headed ogre
  5701 | D:8      | Reached XP level 10. HP: 99/100 MP: 9/9
  5887 | D:8      | Found the +18 Lear's hauberk
  5944 | D:8      | Killed a tengu warrior
  6061 | D:8      | Found a staircase to the Lair.
  6107 | D:8      | Found a stormy altar of Qazlal.
  6700 | D:8      | Reached skill level 11 in Unarmed Combat
  6713 | D:8      | HP: 5/100 [troll (11)]
  6873 | D:9      | Found a glowing silver altar of Zin.
  6934 | D:9      | Found an opulent altar of Gozag.
  7215 | D:9      | Paralysed by a hornet for 3 turns
  7387 | D:9      | Paralysed by an orc wizard for 5 turns
  7493 | D:9      | Reached *** piety under Wu Jian
  7544 | D:9      | Found a runed translucent door.
  7547 | D:9      | Found a basalt altar of Yredelemnul.
  7608 | D:10     | Entered Level 10 of the Dungeon
  7675 | D:10     | Reached XP level 11. HP: 109/109 MP: 10/10
  7790 | D:10     | Reached skill level 12 in Unarmed Combat
  8480 | D:10     | Noticed a two-headed ogre
  8488 | D:10     | Killed a two-headed ogre
  8967 | D:11     | Reached **** piety under Wu Jian
  8981 | D:11     | Noticed a red ugly thing
  8985 | D:11     | Killed a red ugly thing
  9022 | D:11     | Found a frozen archway.
  9034 | IceCv    | Entered an ice cave
  9056 | IceCv    | Reached skill level 5 in Dodging
  9079 | IceCv    | Reached skill level 13 in Unarmed Combat
  9171 | IceCv    | Noticed a white ugly thing
  9171 | IceCv    | Noticed a death yak
  9185 | IceCv    | Killed a white ugly thing
  9193 | IceCv    | Killed a death yak
  9194 | IceCv    | Reached XP level 12. HP: 58/122 MP: 11/11
  9352 | IceCv    | Noticed a death yak
  9367 | IceCv    | Killed a death yak
  9409 | IceCv    | Noticed a death yak
  9412 | IceCv    | Noticed a death yak
  9415 | IceCv    | Noticed a death yak
  9421 | IceCv    | Killed a death yak
  9429 | IceCv    | Killed a death yak
  9438 | IceCv    | Killed a death yak
  9480 | IceCv    | Noticed a death yak
  9480 | IceCv    | Noticed a frost giant
  9503 | IceCv    | Reached skill level 14 in Unarmed Combat
  9524 | IceCv    | Killed from afar by a frost giant

Illustrated notes

Levels and vault maps discovered:
D:1:      minmay_arrival_shattered_statue, layout_loops_corners, serial_shops,
          nicolae_shop_rolled_up, feat_on_display
D:2:      layout_rooms, serial_undead, serial_undead_b, serial_undead_a,
          serial_undead_a, serial_undead_b, serial_undead_d, serial_undead_f,
          serial_undead_e, uniq_terence, uniq_jessica, uniq_robin
D:3:      layout_basic
D:4:      minmay_recursive_quarters, layout_basic, kennysheep_mini,
          kennysheep_generic_room_9, uniq_edmund, uniq_eustachio, uniq_sigmund
D:5:      layout_loops_ring, minmay_temple_entry_glassed_door, uniq_grinder
D:6:      layout_cave_pools, tgw_kikubaaqudgha, mainiacjoe_overflow_two_lobes,
          chequers_serial_rivers_large_a
D:7:      layout_loops_ring, nicolae_overflow_crystal_walls,
          chequers_serial_rivers_small_a
D:8:      layout_basic, marbit_many_paths, lair_entry_dummy,
          minmay_crystal_water, grunt_ministairs_14, chequers_avenue,
          hangedman_decor_lopped, hellmonk_guarded_unrand_lears
D:9:      layout_roguey, pdpol_temple_overflow_zin_treasury_gozag_greed,
          dk_yredelemnul_ordeal, nicolae_nh_ransacked_shop
D:10:     kennysheep_seaside_town, layout_grid_maze, the_hattery
D:11:     layout_loops_ring, orc_0_dummy, portal_ice_cave_entry_pillars_1
Temple:   nicolae_temple_ecumenical_triangle
IceCv:    ice_cave_small_giant

Skill      XL: |  1  2  3  4  5  6  7  8  9 10 11 12 |
---------------+-------------------------------------+-----
Shields        | 3 4 5 6 7 8 9 |  9.5
Unarmed Combat | 3 4 5 7 8 10 11 13 14 | 14.0
Fighting       | 3 4 5 6 7 8 |  8.7
Dodging        | 3 5 6 |  6.0

Action                     |  1- 3 |  4- 6 |  7- 9 | 10-12 || total
---------------------------+-------+-------+-------+-------++-------
  Melee: Unarmed           |    93 |   134 |   289 |   484 ||  1000
         Dagger            |       |       |       |    30 ||    30
  Throw: Dart              |     3 |     3 |    18 |   103 ||   127
         Throwing net      |       |       |     1 |       ||     1
         Boomerang         |       |       |     5 |       ||     5
Ability: Lunge             |       |       |    14 |    21 ||    35
         Whirlwind         |       |       |     6 |    28 ||    34
    Use: Scroll            |       |     9 |    10 |     7 ||    26
         Potion            |       |     4 |     4 |     9 ||    17
   Stab: Held in net/web   |       |       |     2 |       ||     2
         Sleeping          |       |       |     1 |       ||     1
         Invisible         |       |       |       |     2 ||     2
 Armour: Robe              |    26 |    23 |       |       ||    49
         Animal skin       |       |    31 |    30 |    20 ||    81
         Troll leather arm |       |       |       |    57 ||    57
         Steam dragon scal |       |       |       |     2 ||     2
  Dodge: Dodged            |    24 |    53 |    52 |   113 ||   242
  Block: Kite shield       |    52 |   133 |   191 |   381 ||   757
         Reflection        |       |     2 |    15 |    22 ||    39
